 Dungeon Crawl Stone Soup version 0.30-a0-6-g7c9e10e132 (webtiles) character file.

Game seed: 2853592745696479856

37 timneilson the Shield-Bearer (level 3, 0/23 HPs)
             Began as a Gargoyle Fighter on Aug 23, 2022.
             Slain by a gnoll
             ... wielding a +0 club
              (1 damage)
             ... on level 3 of the Dungeon.
             The game lasted 00:01:32 (822 turns).

timneilson the Shield-Bearer (Gargoyle Fighter)      Turns: 822, Time: 00:01:33

Health: 0/23       AC: 11    Str: 21    XL:     3   Next: 41%
Magic:  3/3        EV:  9    Int:  8    God:
Gold:   88         SH:  4    Dex:  9    Spells: 2/2 levels left

rFire   . . .      SeeInvis .    a - +0 long sword
rCold   . . .      Faith    .    c - +0 buckler
rNeg    + . .      Spirit   .    b - +0 scale mail
rPois   ∞          Reflect  .    (no helmet)
rElec   +          Harm     .    (no cloak)
rCorr   .          Rampage  .    (no gloves)
Will    .....                    g - +0 pair of boots
Stlth   ..........               (no amulet)
HPRegen 0.07/turn                (no ring)
MPRegen 0.08/turn                (no ring)

@: no status effects
A: sickness immunity, AC +3, negative energy resistance 1, electricity
resistance, torment resistance 1, petrification resistance
a: no special abilities


You were on level 3 of the Dungeon.
You visited 1 branch of the dungeon, and saw 4 of its levels.

You collected 88 gold pieces.

Inventory:

Hand Weapons
 a - a +0 long sword (weapon)
Armour
 b - a +0 scale mail (worn)
 c - a +0 buckler (worn)
 g - a +0 pair of boots (worn)
Potions
 d - a potion of might
 e - 2 potions of ambrosia {unknown}
 f - 2 potions of attraction {unknown}


   Skills:
 + Level 3.4 Fighting
 * Level 2.2 Long Blades
 * Level 3.7 Armour
 + Level 0.6 Dodging
 * Level 3.7 Shields


You had 2 spell levels left.
You didn't know any spells.
Your spell library was empty.

Dungeon Overview and Level Annotations

Branches:
Dungeon (4/15)
 Temple: D:4-7

Altars:


Innate Abilities, Weirdness & Mutations

You are immune to sickness and miasma.
Your stone body is resilient. (AC +3)
You are immune to poison.
You resist negative energy. (rN+)
You are resistant to electric shocks. (rElec)
You are resistant to unholy torment.
You are immune to petrification.


Message History

There is a stone staircase leading down here.
You now have 88 gold pieces (gained 10).
HP restored.
A hobgoblin comes into view.
The hobgoblin shouts!
You hear a shout! 2 gnolls come into view.
The gnoll shouts! x2; You hear a shout!
A gnoll comes into view. It is wielding a +0 halberd.
Found a potion of might.
A gnoll comes into view. It is wielding a +0 whip.
The hobgoblin closely misses you.
You closely miss the hobgoblin.
The hobgoblin hits you but does no damage.
You slash the hobgoblin!
You kill the hobgoblin!
You barely miss the gnoll. The gnoll barely misses you.
A dart slug comes into view.
The gnoll closely misses you.
You hit the gnoll but do no damage. The gnoll barely misses you.
The dart slug launches a dart at you. The slug dart hits you.
The gnoll closely misses you.
You closely miss the gnoll. The gnoll hits you with a +0 club.
You block the gnoll's attack.
The gnoll hits you from afar with a +0 halberd!
You hit the gnoll.
The gnoll is heavily wounded.
The gnoll hits you but does no damage. The gnoll barely misses you.
The gnoll hits you but does no damage. The gnoll misses you.
The gnoll hits you from afar with a +0 halberd.
The gnoll closely misses you. The gnoll hits you but does no damage.
The gnoll hits you with a +0 club.
* * * LOW HITPOINT WARNING * * *
The gnoll attacks as you move away! The gnoll barely misses you.
The gnoll hits you but does no damage. The gnoll closely misses you.
The gnoll attacks as you move away! The gnoll barely misses you.
The gnoll attacks as you move away! The gnoll hits you with a +0 whip.
* * * LOW HITPOINT WARNING * * *
The gnoll attacks as you move away! You block the gnoll's attack.
The gnoll attacks as you move away! The gnoll hits you with a +0 club.
You die...

###########
#.........#
#>#........
#.#.#######
#.#.# #@#.#
#g#.###
#g#...#
#.g.#...#
###†....#
.g.!..#
..........
.###.##.##.
#. .# .#


You could see 3 gnolls.

Vanquished Creatures
  An adder (D:3)
  A dart slug (D:1)
  3 endoplasms (D:1)
  2 giant cockroaches (D:1)
  5 goblins
  A hobgoblin (D:3)
  2 jackals (D:1)
  A ball python (D:1)
  4 bats (D:1)
  3 frilled lizards (D:1)
  A kobold (D:1)
  2 rats (D:1)
26 creatures vanquished.

Notes
Turn   | Place    | Note
-------+----------+-------------------------------------------
     0 | D:1      | timneilson the Gargoyle Fighter began the quest for the
                  | Orb.
     0 | D:1      | Reached XP level 1. HP: 14/14 MP: 1/1
   264 | D:1      | Reached XP level 2. HP: 17/19 MP: 2/2
   508 | D:1      | Found a faded altar of an unknown god.
   620 | D:1      | Reached XP level 3. HP: 22/23 MP: 3/3
   758 | D:2      | You fall into a shaft and drop 2 floors!
   819 | D:3      | HP: 1/23 [gnoll/+0 whip (4)]
   822 | D:3      | Slain by a gnoll

Illustrated notes

Levels and vault maps discovered:
D:1:      minmay_arrival_semitransparent, layout_rooms,
          ebering_ecumenical_altar_abandoned
D:2:      layout_loops_cross, basic_altar, minmay_close_crescents, uniq_sigmund
D:3:      layout_loops_ring, serial_shops, shop, feat_on_display, uniq_grinder
D:4:      layout_loops_cross, kennysheep_little_box, serial_shops,
          nicolae_shop_hallway_stairs, shop, shop, chequers_mini_garden,
          uniq_robin

Skill      XL: |  1  2 |
---------------+-------+-----
Long Blades    | 2 |  2.2
Fighting       | |  3.4
Armour         | |  3.7
Dodging        | |  0.6
Shields        | |  3.7

Action                   || total
-------------------------++-------
Melee: Long sword        ||    97
  Use: Scroll            ||     2
Armor: Scale mail        ||    68
Dodge: Dodged            ||    78
Block: Buckler           ||    27

Table legend: (Time is in decaauts)
 A = Elapsed time spent in this place.
 B = Non-inter-level travel time spent in this place.
 C = Inter-level travel time spent in this place.
 D = Time resting spent in this place.
 E = Time spent auto-exploring this place.
 F = Levels seen in this place.
 G = Mean time per level.
                   A        B        C        D        E       F      G
               +--------+--------+--------+--------+--------+-----+--------+
         Total |    854 |    833 |     21 |      0 |    604 |   4 |  213.5 |
       Dungeon |    854 |    833 |     21 |      0 |    604 |   4 |  213.5 |
               +--------+--------+--------+--------+--------+-----+--------+

Top non-repeatable levels by time:
     D:1: 780 daAuts
     D:3: 60 daAuts
     D:4: 8 daAuts
     D:2: 4 daAuts
